Nobbs, chaotic male human Rogue ----- |<....- |....... |....|.. -.....- ........|--- --.-- -.|.......----.h@d- -----..|.......@@.- |..|........)... ....-....).. .... ....|... ....--.... ... . ... .|... .... ..... . ..- .( ... ... . ... .. .|- . . .. . . ... . -- ..... .. ......- -- ....-- Nobbs the Cutpurse Experience level: 5 Strength: 14 Dexterity: 18 Constitution: 12 Intelligence: 10 Wisdom: 12 Charisma: 10 Health: 0(40) Energy: 22(22) Def: 7 Gold: 0 Moves: 2824 Dungeon seed: 16Eonalbtm_GPiGC Game ID: Nobbs_1510165069 Your Inventory: Wands F - a wand of digging (0:6) G - a wand of cancellation (0:5) Weapons a - a +0 short sword (weapon in hand) b - 3 +0 daggers (in quiver) y - 12 +0 darts C - 2 +0 daggers E - a cursed -1 dagger I - 2 +0 elven daggers Armor e - an uncursed +0 dwarvish iron helm n - an uncursed +0 orcish helm (being worn) q - a blessed +0 dwarvish mithril-coat (being worn) r - an uncursed +0 pair of iron shoes Comestibles h - 2 uncursed lichen corpses l - an uncursed melon Scrolls v - an uncursed scroll of earth H - 2 uncursed scrolls of blank paper Potions c - an uncursed potion of sickness t - an uncursed potion of booze Tools d - an uncursed lock pick f - an uncursed sack j - a magic marker (0:85) B - 4 uncursed partly used tallow candles (lit) (0:147) D - an uncursed magic whistle Contents of the sack: 671 gold pieces an uncursed scroll of light an uncursed spellbook of light Spells and supernatural/magical abilities: Name Level Category Fail Memory W - pray for help -- divine ? -- Your skills at the end: Fighting Skills Weapon Skills dagger [Skilled] short sword [Basic] Spellcasting Skills Final Attributes: You were piously aligned. You were telepathic. You were stealthy. You are dead. Vanquished creatures: a shrieker a gnome lord a paper golem 2 floating eyes 4 dwarves 2 rothes a monkey an acid blob 2 coyotes 2 hobbits 3 hobgoblins 2 giant rats 10 gnomes 3 geckos 9 jackals 2 kobolds a goblin 4 grid bugs 6 lichens 5 newts 62 creatures vanquished. Voluntary challenges: You were an atheist. You used a wielded weapon 16 times, starting on turn 375. You read items or engraved 73 times, starting on turn 1885. You never genocided any monsters. You never polymorphed an object. You never changed form. You used no wishes. You never split a pudding. You wrote Elbereth's name 68 times, starting on turn 1885. You violated your moral code, losing 1 point of alignment, starting on turn 2816. Dungeon overview: The Dungeons of Doom: levels 1 to 5 Level 1 a fountain a long staircase Level 2 some fountains Level 3 a general store, a fountain stairs to The Gnomish Mines Level 4 a fountain Level 5 The Gnomish Mines: levels 4 to 6 Level 4 stairs to The Dungeons of Doom Level 5 Level 6 <- You were here History has recorded: On T:1 you entered the Dungeons of Doom to retrieve the Amulet of Yendor! On T:81 you reached level 2 of The Dungeons of Doom. On T:562 you advanced to experience level 2. On T:613 you reached level 3 of The Dungeons of Doom. On T:697 you reached level 1 of The Gnomish Mines. On T:851 you reached level 4 of The Dungeons of Doom. On T:1130 you reached level 5 of The Dungeons of Doom. On T:1197 you advanced to experience level 3. On T:1758 you reached level 2 of The Gnomish Mines. On T:1852 you advanced to experience level 4. On T:2232 you advanced to experience level 5. On T:2633 you reached level 3 of The Gnomish Mines. Score breakdown: Gold: 671 ( 9617 points) Experience: 5 levels (11141 points) Exploration: 6 levels ( 12.24%) ( 9682 points) Discoveries: 3 items ( 1.01%) ( 3010 points) Valuables value: (no points given unless you survive) Artifact value: 0 ( 0 points) Variety of kills: 20 monsters ( 5.25%) ( 6873 points) Turncount: 2824 turns ( -510 points) Survival: died (score multiplied by 80%) Total score: 31850 Latest messages: Fuffy turns to flee! You add to the writing in the dust with your fingers. The watchman wields a short sword! The watchman wields a spear! The kitten turns to flee! The watchman thrusts his short sword. The watchman hits! The watchman thrusts her spear. The watchman hits! The watchman thrusts his short sword. The watchman hits! The watchman thrusts his short sword. The watchman hits! The watchman thrusts her spear. The watchman hits! The hobbit turns to flee! The watchman thrusts his short sword. The watchman hits! You die... Final status: Goodbye Nobbs the Rogue, killed by a watchman... You died in The Gnomish Mines on dungeon level 6 with 31850 points, and 671 pieces of gold, after 2824 moves. You were level 5 with a maximum of 40 hit points when you died.